 Dungeon Crawl Stone Soup version 0.31.0-9-g3a7656b989 (webtiles) character file.

Game seed: 13244836695457130022

1134 Eitelfritz the Slasher (level 8, 0/68 HPs)
             Began as a Minotaur Gladiator on Jan 26, 2024.
             Was a Follower of Wu Jian.
             Slain by Pikel
             ... wielding a +1 whip of electrocution
              (17 damage)
             ... on level 5 of the Dungeon.
             The game lasted 00:08:02 (4240 turns).

Eitelfritz the Slasher (Minotaur Gladiator)         Turns: 4240, Time: 00:08:03

Health: 0/68       AC:  7    Str: 18    XL:     8   Next: 14%
Magic:  0/7        EV: 11    Int:  7    God:    Wu Jian [*.....]
Gold:   195        SH:  0    Dex: 13    Spells: 7/7 levels left

rFire   . . .        a - +2 long sword
rCold   . . .        (no shield)
rNeg    . . .        i - +0 scale mail
rPois   .            c - +0 hat
rElec   .            (no cloak)
rCorr   .            (no gloves)
SInv    .            (no boots)
Will    .....        h - amulet of guardian spirit Stlth
                     (no ring)
HPRegen 0.31/turn    (no ring)
MPRegen 0.10/turn

%: guardian spirit
@: no status effects
A: horns 2, retaliatory headbutt
a: Renounce Religion


You were on level 5 of the Dungeon.
You worshipped Wu Jian.
Wu Jian was aware of your devotion.
You visited 1 branch of the dungeon, and saw 5 of its levels.

You collected 195 gold pieces.

Inventory:

Hand Weapons
 a - a +2 long sword (weapon)
 f - a +3 flail of holy wrath
Missiles
 d - 3 throwing nets
 e - a javelin
 v - 11 poisoned darts (quivered)
Armour
 c - a +0 hat (worn)
 i - a +0 scale mail (worn)
Jewellery
 h - an amulet of guardian spirit (around neck)
 x - a ring of fire
Wands
 b - a wand of paralysis (8)
 u - a wand of digging (8)
Scrolls
 g - a scroll of revelation
 k - a scroll of poison
 m - a scroll of enchant armour {unknown}
 n - a scroll of vulnerability
 o - 3 scrolls of teleportation
Potions
 j - 2 potions of attraction
 l - a potion of brilliance
 p - 3 potions of curing
 q - a potion of resistance {unknown}
 r - a potion of ambrosia {unknown}
 w - 2 potions of enlightenment {unknown}
 z - a potion of haste {unknown}


   Skills:
 + Level 5.0 Fighting
 + Level 7.7 Long Blades
 + Level 2.5 Throwing
 + Level 5.8 Armour
 + Level 5.2 Dodging
 + Level 1.3 Stealth


You had 7 spell levels left.
You didn't know any spells.
Your spell library contained the following spells:

 Spells                   Type           Power      Damage    Failure   Level
 Apportation              Tloc           0%         N/A       80%         1
 Sandblast                Erth           0%         2d4       80%         1
 Shock                    Conj/Air       0%         1d3       80%         1
 Jinxbite                 Hex            0%         N/A       90%         2
 Passwall                 Erth           0%         N/A       99%         3
 Stone Arrow              Conj/Erth      0%         3d7       99%         3
 Swiftness                Air            0%         N/A       99%         3
 Airstrike                Air            0%         2d(0-16)  100%        4
 Brom's Barrelling Bould  Conj/Erth      0%         2d3       100%        4
 Alistair's Intoxication  Alch           0%         N/A       100%        5


Dungeon Overview and Level Annotations

Branches:
Dungeon (5/15)
 Temple: D:4-7

Altars:
Trog
Wu Jian

Annotations:
D:3 3 runed translucent doors, Anonkat's ghost, amateur HOMo
D:5 Pikel


Innate Abilities, Weirdness & Mutations

You have a pair of horns on your head.
You reflexively headbutt those who attack you in melee.


Message History

Pikel is moderately wounded.
Pikel hits you with a +1 whip of electrocution.
The lemure closely misses you. The lemure hits you but does no damage.
You barely miss Pikel. Your headbutt misses Pikel.
Pikel is moderately wounded.
Pikel hits you with a +1 whip of electrocution.
The lemure hits you. x2
You slash Pikel!
Pikel is heavily wounded.
Pikel closely misses you. The lemure hits you! The lemure closely misses you.
You furiously retaliate!
You headbutt the lemure. You barely miss Pikel.
Pikel is heavily wounded.
Pikel hits you with a +1 whip of electrocution.
The lemure hits you. x2
You closely miss Pikel. You headbutt Pikel, but do no damage.
Pikel is heavily wounded.
Pikel hits you but does no damage. The lemure hits you.
The lemure barely misses you. You furiously retaliate!
You headbutt the lemure. You hit Pikel. Your headbutt misses Pikel.
Pikel is heavily wounded.
Pikel hits you with a +1 whip of electrocution.
The lemure hits you. The lemure hits you but does no damage.
You closely miss Pikel.
Pikel is heavily wounded.
Pikel hits you with a +1 whip of electrocution.
* * * LOW HITPOINT WARNING * * *
The lemure barely misses you. The lemure hits you.
* * * LOW HITPOINT WARNING * * *
You closely miss Pikel. You headbutt Pikel, but do no damage.
Your punch misses Pikel.
Pikel is heavily wounded.
Pikel closely misses you. The lemure hits you.
* * * LOW HITPOINT WARNING * * *
The lemure hits you but does no damage.
Pikel hits you with a +1 whip of electrocution.
* * * LOW HITPOINT WARNING * * *
You are electrocuted!!
You die...
Pikel says, "See you in Hell!"

## #....##g#.......... K
#....#..#.......... #.
#....#..#.......... ##.
#....#g.#gg........ ...
#....#..#..........
##5###########....#.##g.........
#....#....#..######.#.......####
#...5...#.....5#5...#.......#
#.......#.....K@<)..#.......#
#.#########+#########.......####
# ..........####....#+#####.#.
..........'..'....#.......#.
.........).#..#....#.......#.
####...........####....#######.#)
......#######........#########.##
......#[....#........#..#........
......#.....#........#..#........


You could see Pikel and 2 lemures.

Vanquished Creatures
  Eustachio (D:5)
  A wyvern (D:4)
  Edmund (D:4)
  An ice beast (D:5)
  2 black bears (D:4)
  An ogre (D:5)
  A lemure (D:5)
  3 hounds
  A jelly (D:4)
  A bombardier beetle (D:4)
  Ijyb (D:5)
  A sleepcap (D:4)
  An iguana (D:5)
  3 gnolls
  3 adders
  A shadow imp (D:5)
  2 ufetubi (D:5)
  2 dart slugs
  5 orcs
  6 endoplasms
  3 giant cockroaches
  8 goblins
  5 hobgoblins
  4 jackals (D:3)
  4 quokkas
  3 ball pythons
  8 bats
  3 frilled lizards
  7 kobolds
  8 rats
91 creatures vanquished.

Vanquished Creatures (others)
  A bat (D:2)
1 creature vanquished.

Grand Total: 92 creatures vanquished

Notes
Turn   | Place    | Note
-------+----------+-------------------------------------------
     0 | D:1      | Eitelfritz the Minotaur Gladiator began the quest for the
                  | Orb.
     0 | D:1      | Reached XP level 1. HP: 18/18 MP: 0/0
   184 | D:1      | Reached skill level 4 in Long Blades
   187 | D:1      | Reached XP level 2. HP: 25/25 MP: 1/1
   799 | D:2      | You fall into a shaft and drop 1 floor!
   848 | D:3      | Reached XP level 3. HP: 27/30 MP: 2/2
   967 | D:3      | Found a faded altar of an unknown god.
  1299 | D:3      | Found a runed translucent gate.
  1302 | D:3      | Found a runed translucent gate.
  1305 | D:3      | Found a runed translucent gate.
  1305 | D:3      | Noticed a kobold brigand
  1306 | D:3      | Noticed Anonkat's ghost (amateur HOMo)
  1542 | D:2      | Reached skill level 1 in Armour
  1601 | D:2      | Reached XP level 4. HP: 37/37 MP: 3/3
  1793 | D:2      | Found an ornate altar of the Wu Jian Council.
  2032 | D:2      | Became a worshipper of the Wu Jian Council
  2079 | D:4      | Noticed a wyvern
  2086 | D:4      | Killed a wyvern
  2087 | D:4      | Reached skill level 5 in Long Blades
  2087 | D:4      | Reached XP level 5. HP: 25/45 MP: 4/4
  2223 | D:4      | Noticed a black bear
  2224 | D:4      | Noticed a black bear
  2523 | D:4      | Noticed Edmund
  2656 | D:4      | Killed Edmund
  2657 | D:4      | Reached skill level 1 in Stealth
  2657 | D:4      | Reached XP level 6. HP: 35/52 MP: 3/5
  2757 | D:4      | Reached skill level 6 in Long Blades
  2782 | D:4      | Found a bloodstained altar of Trog.
  2933 | D:4      | Reached XP level 7. HP: 45/59 MP: 3/6
  3313 | D:5      | Entered Level 5 of the Dungeon
  3398 | D:5      | Reached skill level 5 in Dodging
  3439 | D:5      | Reached * piety under Wu Jian
  3550 | D:5      | Reached skill level 5 in Armour
  3551 | D:5      | Noticed Ijyb
  3551 | D:5      | Paralysed by Ijyb for 4 turns
  3560 | D:5      | Reached skill level 7 in Long Blades
  3563 | D:5      | Killed Ijyb
  3775 | D:5      | Noticed Eustachio
  3798 | D:5      | Killed Eustachio
  3914 | D:5      | Reached XP level 8. HP: 53/67 MP: 5/7
  4015 | D:5      | Reached skill level 5 in Fighting
  4211 | D:5      | Noticed Pikel
  4240 | D:5      | Slain by Pikel

Illustrated notes

Levels and vault maps discovered:
D:1:      dpeg_arrival_rooms_with_view, layout_basic
D:2:      layout_basic, basic_altar, minmay_tromino_v7
D:3:      layout_basic, shapermc_ecumenical_altar_pompeii,
          gammafunk_ghost_nasty_kobolds, st_stairs_9, minmay_splitting_lines
D:4:      layout_rooms, trog_ov_bears_minmay, uniq_edmund
D:5:      layout_gridville, uniq_ijyb, uniq_pikel, uniq_eustachio

Skill      XL: |  1  2  3  4  5  6  7  8 |
---------------+-------------------------+-----
Long Blades    | 4 5 6 7 |  7.7
Armour         | 1 2 3 4 5 |  5.8
Fighting       | 3 4 5 |  5.0
Dodging        | 4 5 |  5.2
Stealth        | 1 |  1.3
Throwing       | |  2.5

Action                     |  1- 3 |  4- 6 |  7- 9 || total
---------------------------+-------+-------+-------++-------
  Melee: Long sword        |    97 |    54 |    93 ||   244
         Headbutt          |    11 |    12 |    14 ||    37
         Punch             |     1 |       |     2 ||     3
  Throw: Dart              |       |     4 |     3 ||     7
Ability: Lunge             |       |     6 |     7 ||    13
         Whirlwind         |       |       |     6 ||     6
    Use: Scroll            |       |    12 |     1 ||    13
   Stab: Sleeping          |       |     1 |       ||     1
 Armour: Leather armour    |    48 |    23 |       ||    71
         Scale mail        |       |    12 |   101 ||   113
  Dodge: Dodged            |    79 |    29 |    83 ||   191
